 Dungeon Crawl Stone Soup version 0.31-a0-145-g046c7d2549 (webtiles) character file.

Game seed: 9795817502488739279

338 Faragor the Magician (level 6, 0/25 (32) HPs)
             Began as a Deep Elf Ice Elementalist on June 7, 2023.
             Slain by an orc wizard
             ... wielding a +2 dagger of draining
              (2 damage)
             ... on level 5 of the Dungeon.
             The game lasted 00:16:33 (6694 turns).

Faragor the Magician (Deep Elf Ice Elementalist)    Turns: 6694, Time: 00:16:33

HP:   0/25 (32)     AC:  4    Str:  5    XL:     6   Next: 29%
MP:   10/16         EV: 13    Int: 22    God:
Gold: 212           SH:  0    Dex: 15    Spells: 5/16 levels left

rFire   . . .        n - +0 short sword (speed)
rCold   . . .        (no shield)
rNeg    . . .        s - +2 robe {Will+}
rPois   .            (no helmet)
rElec   .            (no cloak)
rCorr   .            (no gloves)
SInv    .            (no boots)
Will    +....        c - amulet of the acrobat
Stlth   +++          (no ring)
HPRegen 0.24/turn    (no ring)
MPRegen 0.15/turn

%: acrobat
@: hasted, heavily drained, very quick
A: no striking features
a: no special abilities


You were on level 5 of the Dungeon.
You visited 1 branch of the dungeon, and saw 5 of its levels.

You collected 212 gold pieces.

Inventory:

Hand Weapons
 d - a +0 dagger
 n - a +0 short sword of speed (weapon)
 r - a +0 club
 t - a +0 dagger of electrocution
Armour
 a - a +0 robe
 s - a +2 robe of willpower (worn)
Magical Staves
 m - a staff of poison
Jewellery
 c - an amulet of the acrobat (around neck)
Scrolls
 f - a scroll of enchant weapon {unknown}
 h - a scroll of blinking {unknown}
 k - 2 scrolls of poison {unknown}
 l - a scroll of vulnerability {unknown}
 o - a scroll of fear {unknown}
 v - a scroll of immolation {unknown}
 w - 2 scrolls of fog {unknown}
Potions
 b - a potion of magic
 e - a potion of attraction {unknown}
 g - a potion of brilliance {unknown}
 i - a potion of enlightenment {unknown}
 j - 2 potions of mutation {unknown}
 p - a potion of curing {unknown}
 q - a potion of haste
 u - a potion of invisibility {unknown}


   Skills:
 - Level 3.6 Dodging
 + Level 4.7 Stealth
 * Level 5.6 Spellcasting
 + Level 5.5 Ice Magic
 + Level 1.6 Poison Magic


You had 5 spell levels left.
You knew the following spells:

 Your Spells              Type           Power      Damage    Failure   Level
a - Freeze                Ice            100%       1d10      1%          1
b - Frozen Ramparts       Ice            60%        1d10      3%          3
c - Ozocubu's Armour      Ice            30%        N/A       3%          3
d - Summon Ice Beast      Ice/Summ       18%        N/A       30%         4

Your spell library contained the following spells:

 Spells                   Type           Power      Damage    Failure   Level
 Poisonous Vapours        Pois/Air       18%        N/A       11%         2
 Gell's Gravitas          Tloc           6%         N/A       28%         3
 Inner Flame              Hex/Fire       6%         N/A       28%         3
 Portal Projectile        Hex/Tloc       12%        N/A       28%         3
 Teleport Other           Tloc           6%         N/A       28%         3
 Olgreb's Toxic Radiance  Pois           13%        N/A       43%         4
 Dispersal                Tloc           3%         N/A       100%        6


Dungeon Overview and Level Annotations

Branches:
Dungeon (5/15)
 Temple: D:4-7

Altars:
Uskayaw

Shops:
D:1 (

Portals:
Abyss: D:3

Annotations:
D:3 2 transporters, Faragor's ghost, weakling DECj


Message History

Something closely misses you. Something hits you.
You feel drained.
Casting: Frozen Ramparts (dangerous; 3% risk of failure)
Confirm with . or Enter, or press ? or * to list all spells.
A film of ice covers your body! Something hits you but does no damage.
You feel drained. Something hits you.
You feel drained.
The frozen ramparts melt away.
You hear some strange, mumbled words.
A puff of flame appears from out of thin air!
The puff of flame misses you. Something barely misses you.
Your icy armour will break if you move.
Continue?
Uppercase [Y]es or [N]o only, please.
Your icy armour will break if you move.
Continue?
Your icy armour cracks and falls away as you move.
There is an open door here.
Casting: Ozocubu's Armour (quite dangerous; 3% risk of failure)
Confirm with . or Enter, or press ? or * to list all spells.
You can't see any susceptible monsters within range! (Use Z to cast anyway.)
Casting: Ozocubu's Armour (quite dangerous; 3% risk of failure)
Confirm with . or Enter, or press ? or * to list all spells.
You can't see any susceptible monsters within range! (Use Z to cast anyway.)
Casting: Ozocubu's Armour (quite dangerous; 3% risk of failure)
Confirm with . or Enter, or press ? or * to list all spells.
Okay, then.
Casting: Ozocubu's Armour (quite dangerous; 3% risk of failure)
Confirm with . or Enter, or press ? or * to list all spells.
The spell is astonishingly dangerous to miscast (30% risk of failure)!
Continue anyway? [Y]es or [N]o only, please.
The spell is astonishingly dangerous to miscast (30% risk of failure)!
Continue anyway?
Okay, then.
Something hits you.
You feel drained.
You hear some strange, mumbled words.
A puff of flame appears from out of thin air!
The puff of flame hits you!
* * * LOW HITPOINT WARNING * * *
There is an open door here.
It was a potion of haste.
You feel yourself speed up. Something hits you.
You die...

##. #....# #..
#....#
#.####....#
#....#....#
#....>....#
#.....<...#
#..##.....+ #
#.........#
#.#@###.......#
#..{.##.#######
#...)##.#
#...))#.#
###.....#
#.....#
#......#
#....#...
###.....#


There were no monsters in sight!

Vanquished Creatures
  A scorpion (D:4)
  A sleepcap (D:4)
  Jessica (D:3)
  An iguana (D:3)
  An orc wizard (D:5)
  4 gnolls (D:4)
  5 adders
  A worm (D:2)
  3 dart slugs
  2 orcs (D:5)
  5 endoplasms
  A giant cockroach (D:2)
  11 goblins
  12 hobgoblins
  3 jackals (D:3)
  8 kobolds
  5 quokkas
  4 ball pythons
  5 bats
  3 frilled lizards
  5 rats
82 creatures vanquished.

Notes
Turn   | Place    | Note
-------+----------+-------------------------------------------
     0 | D:1      | Faragor the Deep Elf Ice Elementalist began the quest for
                  | the Orb.
     0 | D:1      | Reached XP level 1. HP: 10/10 MP: 6/6
   195 | D:1      | Found Dodiqay's Antique Weapon Boutique.
   375 | D:1      | Reached XP level 2. HP: 15/15 MP: 6/8
  1424 | D:2      | Reached XP level 3. HP: 17/19 MP: 2/10
  2486 | D:2      | Reached XP level 4. HP: 24/24 MP: 10/12
  2490 | D:2      | Learned a level 3 spell: Frozen Ramparts
  2494 | D:2      | Learned a level 3 spell: Ozocubu's Armour
  2499 | D:2      | Learned a level 4 spell: Summon Ice Beast
  2584 | D:2      | Got Inefauf's Almanac of the Entrancing Spider
  3479 | D:3      | Found a transporter.
  3717 | D:3      | Noticed a kobold brigand
  3866 | D:3      | Reached skill level 5 in Ice Magic
  4587 | D:3      | Found a one-way gate to the infinite horrors of the Abyss.
  4587 | D:3      | Noticed Faragor's ghost (weakling DECj)
  4645 | D:3      | Noticed a small abomination
  4652 | D:3      | Found a transporter.
  4661 | D:3      | Noticed Jessica
  4669 | D:3      | Killed Jessica
  4670 | D:3      | Reached XP level 5. HP: 28/28 MP: 5/13
  5332 | D:4      | Reached skill level 1 in Poison Magic
  5504 | D:4      | Reached skill level 5 in Spellcasting
  6071 | D:4      | Noticed a phantom
  6096 | D:4      | Reached XP level 6. HP: 32/32 MP: 11/16
  6522 | D:4      | Found a hide-covered altar of Uskayaw.
  6656 | D:5      | Entered Level 5 of the Dungeon
  6694 | D:5      | Slain by an orc wizard

Illustrated notes

Levels and vault maps discovered:
D:1:      nagdon_arrival_zigzag_paths, layout_loops_ring, serial_shops,
          shop_statue
D:2:      minmay_general_purpose_star, layout_loops_ring,
          amcnicky_mini_corridor_feature, minmay_tetromino_l2
D:3:      layout_rooms, gammafunk_ghost_abyssal_escape,
          dreamdust_princess_bridge, uniq_jessica
D:4:      layout_basic, lemuel_crystal_altar
D:5:      layout_basic, mainiacjoe_overflow_concentric_impassable,
          minmay_temple_entry_nine_rooms, uniq_blork_the_orc

Skill      XL: |  1  2  3  4  5 |
---------------+----------------+-----
Stealth        | 3 4 |  4.7
Dodging        | 3 |  3.6
Spellcasting   | 4 5 |  5.6
Ice Magic      | 5 |  5.5
Poison Magic   | 1 |  1.6

Action                     |  1- 3 |  4- 6 || total
---------------------------+-------+-------++-------
  Melee: Dagger            |     6 |       ||     6
         Short sword       |       |     3 ||     3
   Cast: Freeze            |    62 |    38 ||   100
         Frozen Ramparts   |       |    16 ||    16
         Ozocubu's Armour  |       |     6 ||     6
    Use: Potion            |       |     1 ||     1
 Armour: Robe              |     7 |     8 ||    15
  Dodge: Dodged            |    34 |    41 ||    75

Table legend: (Time is in decaauts)
 A = Elapsed time spent in this place.
 B = Non-inter-level travel time spent in this place.
 C = Inter-level travel time spent in this place.
 D = Time resting spent in this place.
 E = Time spent auto-exploring this place.
 F = Levels seen in this place.
 G = Mean time per level.
                   A        B        C        D        E       F      G
               +--------+--------+--------+--------+--------+-----+--------+
         Total |   6690 |   6452 |    238 |   3367 |   2353 |   5 | 1338.0 |
       Dungeon |   6690 |   6452 |    238 |   3367 |   2353 |   5 | 1338.0 |
               +--------+--------+--------+--------+--------+-----+--------+

Top non-repeatable levels by time:
     D:2: 2294 daAuts
     D:3: 1682 daAuts
     D:4: 1500 daAuts
     D:1: 1176 daAuts
     D:5: 37 daAuts
